 Seeded DCSS version 0.29.1-15-g9cfb28693d (webtiles) character file.

Game seed: 5852750519012672489 (custom seed)

149 Twinkles the Sneak (level 5, -2/28 HPs)
             Began as a Vine Stalker Brigand on June 6, 2023.
             Was a High Priest of Ignis.
             Killed from afar by Ijyb (11 damage)
             ... with a bolt of dispelling energy
             ... on level 3 of the Dungeon.
             The game lasted 00:02:44 (2705 turns).

Twinkles the Sneak (Vine Stalker Brigand)           Turns: 2705, Time: 00:02:44

Health: -2/28      AC:  4    Str: 16    XL:     5   Next: 31%
Magic:  0/6        EV: 12    Int: 11    God:    Ignis [*****.]
Gold:   92         SH:  0    Dex: 15    Spells: 4/4 levels left

rFire   + . .      SeeInvis .   a - +2 dagger
rCold   . . .      Faith    .   (no shield)
rNeg    . . .      Spirit   +   f - +0 leather armour
rPois   .          Reflect  .   (no helmet)
rElec   .          Harm     .   c - +0 cloak
rCorr   .          Rampage  .   (no gloves)
Will    .....                   (no boots)
Stlth   +++.......              (no amulet)
HPRegen 0.89/turn               (no ring)
MPRegen 0.10/turn               (no ring)

@: no status effects
A: fangs 2, regeneration 1, magic shield, antimagic bite, no potion heal 2
a: Renounce Religion, Fiery Armour, Foxfire Swarm, Rising Flame


You were on level 3 of the Dungeon.
You worshipped Ignis.
Ignis was extremely pleased with you.
You visited 1 branch of the dungeon, and saw 3 of its levels.

You collected 92 gold pieces.

Inventory:

Hand Weapons
 a - a +2 dagger (weapon)
Missiles
 d - 9 poisoned darts (quivered)
 e - 3 curare-tipped darts
Armour
 b - a +0 robe
 c - a +0 cloak (worn)
 f - a +0 leather armour (worn)
Scrolls
 g - 2 scrolls of identify {unknown}
 h - a scroll of poison {unknown}
 i - a scroll of magic mapping {unknown}
 j - a scroll of noise {unknown}
 k - a scroll of vulnerability {unknown}
 m - a scroll of fog {unknown}
Potions
 l - 2 potions of brilliance {unknown}
 n - 3 potions of curing {unknown}
 o - a potion of cancellation {unknown}
 p - 3 potions of might {unknown}
 q - 3 potions of heal wounds {unknown}


   Skills:
 + Level 3.1 Fighting
 + Level 3.1 Short Blades
 - Level 1.7 Throwing
 + Level 2.3 Dodging
 - Level 4.8 Stealth


You had 4 spell levels left.
You didn't know any spells.
Your spell library was empty.

Dungeon Overview and Level Annotations

Branches:
Dungeon (3/15)

Altars:
Ignis

Annotations:
D:3 Ijyb


Innate Abilities, Weirdness & Mutations

You have extremely sharp teeth.
Your natural rate of healing is unusually fast.
When hurt, damage is shared between your health and your magic reserves.
Your bite disrupts and absorbs the magic of your enemies.
Potions cannot restore your health.


Message History

The gnoll zaps a wand.
The roots erupt in riotous growth!
The grasping roots grab you!
The gnoll is unaffected.
The grasping roots constrict you.
You hear a shout!
You hit the gnoll. You bite the gnoll. You drain its power.
You feel invigorated.
The gnoll is severely wounded.
The gnoll hits you but does no damage. The grasping roots constrict you.
You hit the gnoll. You bite the gnoll.
You kill the gnoll!
You hit the gnoll but do no damage. Your bite misses the gnoll.
You hit the gnoll. You bite the gnoll. You drain its power.
You feel invigorated.
The gnoll is moderately wounded.
The gnoll hits you with a +0 club.
You hit the gnoll. You bite the gnoll. You drain its power.
The gnoll is severely wounded.
The gnoll hits you with a +0 club. The gnoll hits you with a +0 whip.
You hit the gnoll. You bite the gnoll, but do no damage.
The gnoll is almost dead.
The gnoll hits you with a +0 whip. The gnoll barely misses you.
You barely miss the gnoll. You bite the gnoll, but do no damage.
The gnoll is almost dead.
The gnoll barely misses you. x2
You completely miss the gnoll.
The gnoll is almost dead.
The gnoll hits you with a +0 whip! The gnoll closely misses you.
You barely miss the gnoll.
The gnoll is almost dead.
Ijyb the Twisted Goblin comes into view.
She is wielding a +0 club and carrying a wand of quicksilver (12).
The gnoll hits you with a +0 whip! The gnoll barely misses you.
You hit the gnoll.
You kill the gnoll!
A ball python comes into view.
The gnoll attacks as you move away! The gnoll hits you with a +0 whip.
The ball python hisses angrily.
The gnoll attacks as you move away! The gnoll hits you with a +0 whip.
* * * LOW HITPOINT WARNING * * *
Ijyb zaps a wand.
The bolt of dispelling energy hits you!
You die...

#..# #.# #.# # #... #..#
#.###.### ..
#...####..###.##..... .
.................... #.
#..#####.###.#.#.### #..
#..# #.# #.#.#.### .
#g.##..#####.###.#.#....
..........................
..#..#...@................
......)g.S................
#.......###...............
........# #.########..####
..#.##..# #.# #... . #
#..# #.# #..## ...# #.#
#..# ##..# #.# #..# #.#


You could see Ijyb, a gnoll and a ball python.

Vanquished Creatures
  Terence (D:3)
  Robin (D:3)
  2 gnolls (D:3)
  3 adders
  A worm (D:2)
  A dart slug (D:1)
  An orc (D:3)
  5 ball pythons
  3 bats
  8 endoplasms
  2 giant cockroaches
  13 goblins
  4 hobgoblins
  4 kobolds
  A quokka (D:2)
  2 frilled lizards (D:2)
  4 rats
56 creatures vanquished.

Notes
Turn   | Place    | Note
-------+----------+-------------------------------------------
     0 | D:1      | Twinkles the Vine Stalker Brigand began the quest for the
                  | Orb.
     0 | D:1      | Reached XP level 1. HP: 11/11 MP: 2/2
   543 | D:1      | Reached skill level 1 in Dodging
   668 | D:1      | Reached XP level 2. HP: 15/15 MP: 3/3
  1453 | D:2      | Reached XP level 3. HP: 18/18 MP: 4/4
  1942 | D:2      | Found a faded altar of an unknown god.
  1959 | D:2      | Prayed at the altar of an unknown god.
  1959 | D:2      | Became a worshipper of Ignis, the Dying Flame
  2214 | D:2      | Gained mutation: Your natural rate of healing is unusually
                  | fast. [Vine Stalker growth]
  2214 | D:2      | Reached XP level 4. HP: 11/23 MP: 2/5
  2467 | D:3      | Noticed Terence
  2488 | D:3      | Killed Terence
  2563 | D:3      | Noticed Robin
  2599 | D:3      | Reached XP level 5. HP: 10/28 MP: 6/6
  2608 | D:3      | Killed Robin
  2702 | D:3      | Noticed Ijyb
  2705 | D:3      | Killed from afar by Ijyb

Illustrated notes

Levels and vault maps discovered:
D:1:      dpeg_arrival_rooms_a, layout_basic, serial_forest,
          infiniplex_forest_end_double, infiniplex_forest_end_2,
          infiniplex_forest_lined_2, infiniplex_forest_straight_4,
          infiniplex_forest_lined_room_2, infiniplex_forest_clump_small,
          infiniplex_forest_straight_5, infiniplex_forest_straight_5
D:2:      layout_loops_ring, chequers_ecumenical_altar_island,
          kennysheep_generic_room_6
D:3:      layout_basic, lemuel_zombie_altar_kikubaaqudgha, uniq_robin,
          uniq_terence, uniq_natasha, uniq_ijyb

Skill      XL: |  1  2  3  4  5 |
---------------+----------------+-----
Dodging        | 1 2 |  2.3
Short Blades   | 2 3 |  3.1
Fighting       | 2 3 |  3.1
Throwing       | |  1.7
Stealth        | |  4.8

Action                   |  1- 3 |  4- 6 || total
-------------------------+-------+-------++-------
Melee: Dagger            |    91 |    86 ||   177
       Bite              |    16 |    28 ||    44
 Stab: Sleeping          |     9 |       ||     9
Armor: Leather armour    |    26 |    19 ||    45
Dodge: Dodged            |    31 |    50 ||    81
